 Dungeon Crawl Stone Soup version 0.30-a0-377-g5cb311bc9f (webtiles) character file.

Game seed: 4042000623749964557

2979 flotson the Trooper (level 9, 0/63 HPs)
             Began as a Demonspawn Delver on Nov 27, 2022.
             Was a Follower of Hepliaklqana.
             Succumbed to a hornet's poison
             ... on level 8 of the Dungeon.
             The game lasted 00:11:04 (7224 turns).

flotson the Trooper (Demonspawn Delver)             Turns: 7224, Time: 00:11:04

Health: 0/63       AC: 10    Str: 18    XL:     9   Next: 53%
Magic:  10/10      EV: 13    Int: 11    God:    Hepliaklqana [*.....]
Gold:   285        SH:  4    Dex: 14    Spells: 8/8 levels left

rFire   + + .      SeeInvis .    a - -2 eveningstar
rCold   . . .      Faith    .    b - orb {*Rage}
rNeg    . . .      Spirit   .    F - +2 leather armour {rF+}
rPois   .          Reflect  .    v - +0 helmet
rElec   .          Harm     .    (no cloak)
rCorr   .          Rampage  .    (no gloves)
Will    .....      Rage     20%  (no boots)
Stlth   +++.......               (no amulet)
HPRegen 0.30/turn                G - ring of protection from fire
MPRegen 0.12/turn                (no ring)

@: lethally poisoned (0 -> -16), hasted and slowed, studying Maces & Flails
A: reduced essence, icemail 1, powered by death 2, condensation shield, demonic
touch 1
a: Renounce Religion, Recall Ancestor, Ancestor Identity


You were on level 8 of the Dungeon.
You worshipped Hepliaklqana.
Hepliaklqana was aware of your devotion.
You visited 2 branches of the dungeon, and saw 9 of its levels.
You also visited: Ossuary.

You collected 340 gold pieces.
You spent 55 gold pieces at shops.

Inventory:

Hand Weapons
 a - a -2 eveningstar (weapon)
Missiles
 r - 31 poisoned darts (quivered)
 u - 4 silver boomerangs
 D - a curare-tipped dart
Armour
 b - an orb of wrath (worn)
 v - a +0 helmet (worn)
 F - a +2 leather armour of fire resistance (worn)
Jewellery
 w - a ring of fire
 G - a ring of protection from fire (left hand)
Wands
 e - a wand of paralysis (8)
 g - a wand of digging (3)
 I - a wand of quicksilver (7)
 K - a wand of iceblast (17)
Scrolls
 c - a scroll of fog
 d - 2 scrolls of magic mapping
 h - 2 scrolls of fear
 i - a scroll of poison {unknown}
 k - 4 scrolls of vulnerability {unknown}
 m - 2 scrolls of torment {unknown}
 q - 7 scrolls of enchant armour {unknown}
 s - 5 scrolls of teleportation {unknown}
 x - 5 scrolls of identify {unknown}
 y - 2 scrolls of noise {unknown}
 z - a scroll of immolation {unknown}
 A - a scroll of silence {unknown}
 C - a scroll of butterflies {unknown}
 E - 2 scrolls of brand weapon {unknown}
Potions
 f - 2 potions of haste
 j - 2 potions of ambrosia {unknown}
 l - 2 potions of berserk rage {unknown}
 n - 4 potions of magic {unknown}
 o - 2 potions of heal wounds {unknown}
 p - 4 potions of brilliance {unknown}
 t - 4 potions of curing {unknown}
 B - a potion of flight {unknown}
 H - a potion of attraction {unknown}
 J - 3 potions of mutation {unknown}
 L - 2 potions of degeneration {unknown}
 M - a potion of might {unknown}
 N - a potion of lignification {unknown}


   Skills:
 + Level 6.4 Fighting
 + Level 5.5 Maces & Flails
 - Level 3.2 Polearms
 + Level 3.9 Throwing
 + Level 3.9 Armour
 + Level 5.3 Dodging
 - Level 6.0 Stealth
 + Level 2.5 Invocations
 + Level 4.3 Evocations


You had 8 spell levels left.
You didn't know any spells.
Your spell library contained the following spells:

 Spells                   Type           Power      Damage    Failure   Level
 Magic Dart               Conj           0%         1d3       38%         1
 Sting                    Tmut/Pois      0%         1d3       38%         1
 Call Imp                 Summ           0%         N/A       54%         2
 Poisonous Vapours        Pois/Air       0%         N/A       54%         2
 Mephitic Cloud           Conj/Pois/Air  0%         N/A       77%         3
 Olgreb's Toxic Radiance  Pois           0%         N/A       99%         4


Dungeon Overview and Level Annotations

Branches:
Dungeon (8/15)             Temple (1/1) D:7         Ossuary (visited)
   Lair: D:8-11

Altars:
Ashenzari
Dithmenos
Fedhas
Gozag
Hepliaklqana
Kikubaaqudgha
Nemelex Xobeh
Okawaru
Qazlal
Ru
Sif Muna
Trog
Uskayaw
Xom
Yredelemnul

Shops:
D:5 *   D:8 :

Annotations:
D:5 3 runed translucent doors, indyram44's ghost, novice AtFi


Innate Abilities, Weirdness & Mutations

Your life essence is reduced to manifest your ancestor. (-10% HP)
A meltable icy envelope protects you from harm. (AC +4)
You regenerate health from kills.
A meltable shield of frost defends you. (SH +4)
Your touch may inflict minor irresistible damage on your foes.


Message History

Press: ? - help, Q - select action, (/) - cycle Shift-Dir - straight line, f/p - hornet
Aim: a hornet (heavily wounded, ally target, 50% to hit)
You throw a silver boomerang. Merenptah avoids your attack.
The silver boomerang closely misses the hornet.
You feel sick.
The hornet barely misses Merenptah.
Merenptah barely misses the hornet.
The hornet closely misses Merenptah.
Throw: 33 darts (poison)
Press: ? - help, Q - select action, (/) - cycle Shift-Dir - straight line, f/p - hornet
Aim: a hornet (heavily wounded, ally target, 50% to hit)
You throw a poisoned dart. Merenptah avoids your attack.
The poisoned dart closely misses the hornet.
Merenptah misses the hornet.
The hornet stings Merenptah!
Merenptah is destroyed!
Throw: 32 darts (poison)
Press: ? - help, Q - select action, (/) - cycle Shift-Dir - straight line, f/p - hornet
Aim: a hornet (heavily wounded, 50% to hit)
You throw a poisoned dart.
The poisoned dart barely misses the hornet.
You feel sick.
You closely miss the hornet.
The hornet is heavily wounded.
You feel sick.
You are no longer poisoned.
The hornet closely misses you. The hornet stings you.
You are poisoned.
You feel yourself slow down.
You barely miss the hornet.
The hornet is heavily wounded.
You feel yourself speed up.
You feel very sick. The hornet stings you.
* * * LOW HITPOINT WARNING * * *
You feel yourself slow down. The hornet barely misses you.
The hornet stings you!
* * * LOW HITPOINT WARNING * * *
You are lethally poisoned!
You feel as though you will be slow longer.
Unknown command.
You feel yourself speed up.
You die...

##.## ##.##
##.#######.###
#.............
#..###.###.##.
#.#.##.##.###.
##.##.#........
####...##...#####.
#....#.###..#
#@##...# #..#
#y###### #..# #.#
#..## #.# #...#
#(. ##..# ##. #..#
.# #..#
.########..#
...........# #..


You could see a hornet.

Vanquished Creatures
  A hornet (D:7)
  Sigmund (D:2)
  A wyvern (D:8)
  2 black bears
  2 orc warriors
  An ice beast (D:4)
  An ogre (D:7)
  A phantom (D:5)
  2 kobold brigands
  2 gnoll sergeants
  A necrophage (D:5)
  5 scorpions
  4 water moccasin zombies (Ossuary)
  3 orc priests
  A gnoll bouda (D:4)
  A hound (D:6)
  5 jellies
  4 orc wizards (D:7)
  3 iguanas
  2 mummies (Ossuary)
  15 gnolls
  7 adders
  A shadow imp (D:7)
  2 white imps
  An ufetubus (D:7)
  2 adder zombies (Ossuary)
  2 worms
  5 dart slugs
  23 orcs
  4 ball pythons
  8 endoplasms
  3 giant cockroaches
  11 goblins
  6 hobgoblins
  8 jackals
  13 kobolds
  A quokka (D:1)
  5 bats
  5 frilled lizards
  8 gnoll zombies (Ossuary)
  3 hobgoblin zombies (Ossuary)
  4 kobold zombies (Ossuary)
  5 orc zombies (Ossuary)
  3 rats
188 creatures vanquished.

Vanquished Creatures (collateral kills)
  A water moccasin (D:8)
1 creature vanquished.

Vanquished Creatures (others)
  An ancestor (D:8)
  11 plants (D:5)
  A withered plant (D:3)
13 creatures vanquished.

Grand Total: 202 creatures vanquished

Notes
Turn   | Place    | Note
-------+----------+-------------------------------------------
     0 | D:5      | flotson the Demonspawn Delver began the quest for the Orb.
     0 | D:5      | Reached XP level 1. HP: 18/18 MP: 1/1
    22 | D:5      | Noticed a jelly
    73 | D:4      | Noticed a scorpion
   118 | D:4      | Found a stormy altar of Qazlal.
   135 | D:4      | Gained mutation: A meltable shield of frost defends you.
                  | (SH +4) [demonic ancestry]
   135 | D:4      | Reached XP level 2. HP: 22/24 MP: 2/2
   301 | D:4      | Found an opulent altar of Gozag.
   387 | D:4      | Found a sand-covered staircase.
   392 | Ossuary  | Entered an ossuary
   421 | Ossuary  | Reached XP level 3. HP: 29/29 MP: 3/3
   482 | Ossuary  | Reached skill level 5 in Stealth
   482 | Ossuary  | Reached XP level 4. HP: 29/36 MP: 4/4
   566 | Ossuary  | Reached XP level 5. HP: 25/42 MP: 5/5
   810 | Ossuary  | Gained mutation: Your touch may inflict minor irresistible
                  | damage on your foes. [demonic ancestry]
   810 | Ossuary  | Reached XP level 6. HP: 35/48 MP: 6/6
   977 | D:4      | Noticed an ice beast
  2371 | D:2      | Noticed Sigmund
  2382 | D:2      | Killed Sigmund
  2383 | D:2      | Reached skill level 1 in Maces & Flails
  2383 | D:2      | Reached skill level 1 in Throwing
  2383 | D:2      | Reached skill level 1 in Evocations
  2383 | D:2      | Gained mutation: You regenerate a little health from kills.
                  | [demonic ancestry]
  2383 | D:2      | Reached XP level 7. HP: 41/55 MP: 7/7
  3245 | D:3      | Reached skill level 1 in Armour
  3341 | D:3      | Found a faded altar of an unknown god.
  3495 | D:5      | Bought a -2 eveningstar for 55 gold pieces
  4086 | D:4      | Reached skill level 5 in Fighting
  4294 | D:5      | Gained mutation: You regenerate health from kills. [demonic
                  | ancestry]
  4294 | D:5      | Reached XP level 8. HP: 60/62 MP: 8/8
  4628 | D:5      | Found a runed translucent gate.
  4628 | D:5      | Found a runed translucent gate.
  4631 | D:5      | Found an opulent altar of Gozag.
  4632 | D:5      | Found a runed translucent gate.
  4674 | D:5      | Noticed indyram44's ghost (novice AtFi)
  5680 | D:7      | Noticed a hornet
  5683 | D:7      | Paralysed by a hornet for 2 turns
  5687 | D:7      | Killed a hornet
  5688 | D:7      | Gained mutation: A meltable icy envelope protects you from
                  | harm. (AC +4) [demonic ancestry]
  5688 | D:7      | Reached XP level 9. HP: 32/69 MP: 9/9
  5882 | D:7      | Found a staircase to the Ecumenical Temple.
  5903 | Temple   | Entered the Ecumenical Temple
  6027 | Temple   | Became a worshipper of Hepliaklqana the Forgotten
  6044 | D:7      | Reached skill level 5 in Dodging
  6098 | D:7      | Found a blossoming altar of Fedhas.
  6161 | D:7      | Found a sacrificial altar of Ru.
  6170 | D:7      | Found a bloodstained altar of Trog.
  6221 | D:7      | Reached skill level 1 in Invocations
  6225 | D:7      | Noticed a +0 hand axe
  6225 | D:7      | Noticed a +0 hand axe
  6226 | D:7      | Found a hide-covered altar of Uskayaw.
  6284 | D:7      | Reached skill level 5 in Maces & Flails
  6841 | D:8      | Reached * piety under Hepliaklqana
  6841 | D:8      | Found Mule's Book Shop.
  6891 | D:8      | Found a shimmering altar of Xom.
  7224 | D:8      | Succumbed to a hornet's poison

Illustrated notes

Levels and vault maps discovered:
D:1:      ebering_trefoil_twist, layout_loops_cross
D:2:      cheibrodos_helix_gallery, layout_loops_corners,
          nicolae_figureground_sparkle, uniq_sigmund
D:3:      layout_rooms, ebering_ecumenical_altar_petrified
D:4:      layout_basic, lemuel_crystal_altar, grunt_gozag_statues,
          enter_ossuary_2, minmay_manual_mess
D:5:      layout_rooms, nicolae_elyvilon_temple_path, ebering_ghost_gozag,
          minmay_shop_damaged
D:6:      layout_basic
D:7:      layout_basic, dancing_weapons_uskayaw, kennysheep_little_box,
          grunt_temple_overflow_open, minmay_temple_entry_tees,
          minmay_fountain_box, nicolae_water_bricks
D:8:      layout_loops_ring, grunt_temple_overflow_lords_of_destruction,
          xom_teletrap_fun, kennysheep_mini, erik_lair_orcish_takeover,
          serial_shops, nicolae_stop_n_shop_1, nicolae_shop_trees,
          nicolae_shop_hallway_stairs
Temple:   nicolae_temple_ecumenical_triangle

Skill      XL: |  1  2  3  4  5  6  7  8  9 |
---------------+----------------------------+-----
Polearms       | 2 3 |  3.2
Dodging        | 2 3 4 5 |  5.3
Stealth        | 5 6 |  6.0
Fighting       | 4 5 6 |  6.4
Maces & Flails | 1 2 4 5 |  5.5
Throwing       | 1 2 3 |  3.9
Evocations     | 1 2 3 4 |  4.3
Armour         | 1 3 |  3.9
Invocations    | 2 |  2.5

Action                   |  1- 3 |  4- 6 |  7- 9 || total
-------------------------+-------+-------+-------++-------
Melee: Spear             |   134 |   209 |       ||   343
       Punch             |     2 |     4 |     1 ||     7
       Mace              |       |    36 |    35 ||    71
       Touch             |       |    16 |    30 ||    46
       Eveningstar       |       |       |   137 ||   137
       Glaive            |       |       |   150 ||   150
Throw: Dart              |       |     2 |     2 ||     4
       Boomerang         |       |       |     2 ||     2
Evoke: Wand              |       |     1 |       ||     1
  Use: Scroll            |       |     1 |       ||     1
       Potion            |       |       |     1 ||     1
 Stab: Distracted        |     1 |       |     2 ||     3
       Sleeping          |       |     6 |    10 ||    16
       Paralysed         |       |     1 |       ||     1
Armor: Scale mail        |    39 |    58 |    34 ||   131
       Leather armour    |       |       |   102 ||   102
Dodge: Dodged            |    41 |    86 |   274 ||   401
Block: Other             |    17 |    29 |    81 ||   127
       Orb               |       |       |     3 ||     3

Table legend: (Time is in decaauts)
 A = Elapsed time spent in this place.
 B = Non-inter-level travel time spent in this place.
 C = Inter-level travel time spent in this place.
 D = Time resting spent in this place.
 E = Time spent auto-exploring this place.
 F = Levels seen in this place.
 G = Mean time per level.
                   A        B        C        D        E       F      G
               +--------+--------+--------+--------+--------+-----+--------+
         Total |   7398 |   6950 |    448 |     89 |   5295 |  10 |  739.8 |
       Dungeon |   6709 |   6270 |    439 |     89 |   4845 |   8 |  838.6 |
        Temple |    133 |    124 |      9 |      0 |    115 |   1 |  133.0 |
       Ossuary |    555 |    555 |      0 |      0 |    335 |   1 |  555.0 |
               +--------+--------+--------+--------+--------+-----+--------+

Top non-repeatable levels by time:
     D:4: 1367 daAuts
     D:7: 1046 daAuts
     D:2: 981 daAuts
     D:6: 828 daAuts
     D:5: 756 daAuts
     D:1: 722 daAuts
 Ossuary: 555 daAuts
     D:3: 552 daAuts
     D:8: 454 daAuts
  Temple: 133 daAuts
